 Dungeon Crawl Stone Soup version 0.31-a0-344-gd109795599 (webtiles) character file.

Game seed: 7961158031714366957

573 senseless the Chopper (level 7, -10/61 HPs)
             Began as a Minotaur Fighter on July 21, 2023.
             Was an Initiate of Trog.
             Mangled by a sixfirhy (12 damage)
             ... summoned by the player character
             ... on level 4 of the Dungeon.
             The game lasted 00:05:27 (2055 turns).

senseless the Chopper (Minotaur Fighter)            Turns: 2055, Time: 00:05:28

Health: -10/61     AC:  8    Str: 22    XL:     7   Next: 12%
Magic:  6/6        EV:  9    Int:  5    God:    Trog [......]
Gold:   194        SH:  5    Dex: 10    Spells: 6/6 levels left

rFire   . . .        e - +16 obsidian axe {drain, demonic, Mesm Drain Fly SInv}
rCold   . . .        c - +0 buckler
rNeg    . . .        b - +0 scale mail
rPois   .            (helmet restricted)
rElec   .            (no cloak)
rCorr   .            j - +0 pair of gloves
SInv    +            (no boots)
Will    .....        (no amulet) Stlth
                     (no ring)
HPRegen 0.30/turn    (no ring)
MPRegen 0.10/turn

%: no passive effects
@: flying, mesmerised
A: horns 2, retaliatory headbutt
a: Renounce Religion


You were on level 4 of the Dungeon.
You worshipped Trog.
Trog was noncommittal.
You visited 1 branch of the dungeon, and saw 4 of its levels.

You collected 194 gold pieces.

Inventory:

Hand Weapons
 a - a +1 war axe
 e - the +16 obsidian axe (weapon) {drain, demonic, Mesm Drain Fly SInv}
   (You acquired it on level 2 of the Dungeon)

   Mesm:      Its wielder is mesmerised by any visible foes, and it cannot be
   unequipped while any foes are visible.
   SInv:      It lets you see invisible.
   Fly:       It grants you flight.
   Drain:     It drains your maximum health when unequipped.
Missiles
 n - 6 javelins
Armour
 b - a +0 scale mail (worn)
 c - a +0 buckler (worn)
 j - a +0 pair of gloves (worn)
Talismans
 i - a beast talisman
Wands
 d - a wand of flame (10)
Scrolls
 f - a scroll of fog
Potions
 g - 2 potions of heal wounds
 h - a potion of invisibility
 m - a potion of cancellation
 o - a potion of enlightenment {unknown}
 p - a potion of attraction {unknown}


   Skills:
 + Level 5.5 Fighting
 * Level 5.9 Axes
 + Level 5.6 Armour
 + Level 5.6 Shields


You had 6 spell levels left.
You didn't know any spells.
Your spell library was empty.

Dungeon Overview and Level Annotations

Branches:
Dungeon (4/15)
 Temple: D:4-7

Altars:
Sif Muna
Trog

Annotations:
D:4 Pikel


Innate Abilities, Weirdness & Mutations

You have a pair of horns on your head.
You reflexively headbutt those who attack you in melee.


Message History

Pikel shouts!
The hound barks!
You hear a shout!
You hear an angry hiss.
A lemure comes into view.
A lemure comes into view.
Visions of slaying the lemure flood into your mind.
The lemure shouts!
You closely miss the lemure. The lemure hits you but does no damage.
You slash the lemure! You open a gate to Pandemonium!
A demon appears!
It doesn't seem very happy.
The lemure is moderately wounded.
You hit the lemure.
Visions of slaying the sixfirhy flood into your mind.
The lemure hits you! You block the lemure's attack.
You slice the lemure!!
You kill the lemure!
That felt strangely unrewarding.
You barely miss the lemure. You slash the sixfirhy! The lemure hits you.
You miss the sixfirhy. Your headbutt misses the sixfirhy.
The sixfirhy is moderately wounded.
You completely miss Pikel.
Visions of slaying Pikel flood into your mind.
The sixfirhy hits you. The sixfirhy shocks you! The sixfirhy barely misses you.
You block the sixfirhy's attack.
Pikel hits you with a +2 whip of freezing!
Pikel freezes you.
You are too injured to fight recklessly!
You are too injured to fight recklessly!
You are too injured to fight recklessly!
Unknown command.
You are too injured to fight recklessly!
You slash Pikel! Your headbutt misses Pikel.
Pikel is heavily wounded.
You slash the sixfirhy! You slash the lemure!
Visions of slaying the lemure flood into your mind.
The sixfirhy hits you but does no damage.
The sixfirhy hits you. The sixfirhy shocks you!
* * * LOW HITPOINT WARNING * * *
The sixfirhy hits you!
* * * LOW HITPOINT WARNING * * *
The sixfirhy shocks you!
You die...

...... ..... .# .. ....
..###. ... # .....#. h.
..# ..#....###5##..+
#........5K....##
#........@35.....
#...........#.###
#...).......#.#
#...........#.####..
......##............# ###
...#..#............... ...
..........................
.#.......................
..........................


You could see Pikel, a sixfirhy (summoned), 3 lemures and a hound.

Vanquished Creatures
  Grinder (D:3)
  The ghost of hackum the Ducker, an amateur OpGl (D:3)
  An ogre (D:4)
  A lemure (D:4)
  A scorpion (D:4)
  The ghost of Koushar the Changeling, a weakling FeSh (D:4)
  Robin (D:2)
  3 dart slugs (D:2)
  An orc (D:2)
  4 endoplasms (D:1)
  A giant cockroach (D:1)
  6 goblins
  10 hobgoblins
  4 jackals (D:4)
  8 kobolds
  5 quokkas
  3 ball pythons
  7 bats
  A frilled lizard (D:2)
  5 rats
65 creatures vanquished.

Notes
Turn   | Place    | Note
-------+----------+-------------------------------------------
     0 | D:1      | senseless the Minotaur Fighter began the quest for the Orb.
     0 | D:1      | Reached XP level 1. HP: 19/19 MP: 0/0
   142 | D:1      | Reached XP level 2. HP: 27/27 MP: 1/1
   485 | D:2      | Noticed Robin
   489 | D:2      | Reached XP level 3. HP: 33/33 MP: 2/2
   497 | D:2      | Killed Robin
   790 | D:2      | Found a bloodstained altar of Trog.
   793 | D:2      | Reached XP level 4. HP: 40/40 MP: 3/3
   874 | D:2      | Became a worshipper of Trog the Wrathful
  1028 | D:3      | Noticed Grinder
  1030 | D:3      | Paralysed by Grinder for 3 turns
  1176 | D:2      | Identified a scroll of acquirement
  1176 | D:2      | Acquired the +16 obsidian axe {drain, demonic, Mesm Drain
                  | Fly SInv}
  1176 | D:2      | Found the +16 obsidian axe {drain, demonic, Mesm Drain Fly
                  | SInv}
  1181 | D:3      | Paralysed by Grinder for 5 turns
  1188 | D:3      | Killed Grinder
  1189 | D:3      | Reached skill level 5 in Armour
  1189 | D:3      | Reached skill level 5 in Shields
  1189 | D:3      | Reached XP level 5. HP: 36/47 MP: 4/4
  1189 | D:3      | Reached XP level 6. HP: 42/55 MP: 5/5
  1269 | D:3      | Found a shimmering blue altar of Sif Muna.
  1599 | D:3      | Found a runed translucent door.
  1605 | D:3      | Noticed hackum's ghost (amateur OpGl)
  1873 | D:3      | Killed hackum's ghost
  1874 | D:3      | Reached skill level 5 in Fighting
  1874 | D:3      | Reached skill level 5 in Axes
  1986 | D:4      | Noticed Koushar's ghost (weakling FeSh)
  1989 | D:4      | Found a runed translucent door.
  1999 | D:4      | Killed Koushar's ghost
  2025 | D:4      | Reached XP level 7. HP: 61/61 MP: 6/6
  2048 | D:4      | Noticed Pikel
  2052 | D:4      | Noticed a sixfirhy
  2055 | D:4      | HP: 2/61 [sixfirhy[the player character] (12)]
  2055 | D:4      | Mangled by a sixfirhy

Illustrated notes

Levels and vault maps discovered:
D:1:      minmay_arrival_plants_in_alcoves, layout_basic
D:2:      layout_rooms, basic_altar, serial_bayou_pond_c, uniq_robin
D:3:      layout_loops_cross, nicolae_sif_muna_little_library,
          ebering_ghost_reflecting_pool, patterned_corridor, uniq_grinder
D:4:      minmay_chambers_of_twos, layout_rooms, hellmonk_ghost_happy_afterlife,
          kennysheep_dice, uniq_pikel

Skill      XL: |  1  2  3  4  5  6 |
---------------+-------------------+-----
Armour         | 4 5 |  5.6
Fighting       | 4 5 |  5.5
Shields        | 4 5 |  5.6
Axes           | 3 4 5 |  5.9

Action                     |  1- 3 |  4- 6 |  7- 9 || total
---------------------------+-------+-------+-------++-------
  Melee: War axe           |    76 |     8 |       ||    84
         Headbutt          |    13 |     3 |       ||    16
         Broad axe         |       |    20 |     5 ||    25
  Evoke: Wand              |       |     1 |       ||     1
    Use: Potion            |     1 |     1 |       ||     2
         Scroll            |       |    10 |     1 ||    11
 Armour: Scale mail        |    47 |     9 |     2 ||    58
  Dodge: Dodged            |    37 |     6 |     1 ||    44
  Block: Buckler           |    17 |     7 |     2 ||    26

Table legend: (Time is in decaauts)
 A = Elapsed time spent in this place.
 B = Non-inter-level travel time spent in this place.
 C = Inter-level travel time spent in this place.
 D = Time resting spent in this place.
 E = Time spent auto-exploring this place.
 F = Levels seen in this place.
 G = Mean time per level.
                   A        B        C        D        E       F      G
               +--------+--------+--------+--------+--------+-----+--------+
         Total |   2096 |   1939 |    157 |    130 |   1439 |   4 |  524.0 |
       Dungeon |   2096 |   1939 |    157 |    130 |   1439 |   4 |  524.0 |
               +--------+--------+--------+--------+--------+-----+--------+

Top non-repeatable levels by time:
     D:3: 766 daAuts
     D:2: 700 daAuts
     D:1: 499 daAuts
     D:4: 131 daAuts
